Map: Ephemeron LE

Players

Polt

  • Race: Terran Terran
  • Spawn Location: 11:00

Harstem - Winner!

  • Race: Protoss Protoss
  • Spawn Location: 5:00

Event: IEM Katowice 2020

VOD

Have the link to the VOD?

Description

Time

  • Played on: Feb. 25, 2020, 6:10 a.m.
  • Length: 14:27

All games in this series

Show
View Real Time Build Order
Export as new Build Order

Polt Terran 

Build Orders: Reaper Expand 

Get SALT Encoding   

  12  0:00  SCV  
  13  0:13  SCV  
  14  0:17  Supply Depot  
  14  0:25  SCV  
  15  0:38  SCV  
  15  0:39  Barracks  
  16  0:43  Refinery  
  16  0:50  SCV  
  17  1:02  SCV  
  18  1:14  SCV  
  19  1:26  Orbital Command  
  19  1:27  Reaper  
  20  1:43  Command Center  
  20  1:49  Supply Depot  
  20  1:52  SCV  
  21  1:59  Marine  
  22  2:04  SCV  
  22  2:08  Factory  
  23  2:14  Bunker  
  23  2:16  SCV  
  23  2:21  Barracks Reactor  
  24  2:28  SCV  
  25  2:31  Refinery  
  25  2:40  SCV  
  26  2:52  SCV  
  26  2:56  Orbital Command  
  26  2:57  Factory Tech Lab  
  26  2:59  Marine x2  
  26  3:04  Starport  
  28  3:05  SCV  
  29  3:16  Marine x2  
  29  3:18  SCV  
  32  3:21  Cyclone  
  32  3:23  SCV  
  36  3:30  SCV  
  37  3:34  Marine x2  
  37  3:35  SCV  
  37  3:36  Supply Depot  
  37  3:40  Viking  
  42  3:42  SCV  
  42  3:47  SCV  
  44  3:52  Marine x2  
  46  3:58  SCV  
  46  3:59  SCV  
  48  4:07  Command Center  
  48  4:10  SCV  
  48  4:11  SCV, Supply Depot  
  50  4:20  Raven  
  50  4:22  SCV  
  50  4:23  SCV  
  54  4:25  Supply Depot  
  54  4:28  Barracks  
  54  4:29  Factory Tech Lab  
  54  4:30  Barracks  
  54  4:36  Marine x2  
  56  4:40  SCV x2  
  56  4:42  Refinery  
  58  4:49  Engineering Bay x2  
  58  4:52  SCV x2  
  60  4:55  Siege Tank  
  63  5:10  SCV x2, Marine x2  
  67  5:16  Terran Infantry Weapons Level 1, Refinery, Terran Infantry Armor Level 1  
  67  5:17  Supply Depot  
  67  5:18  Missile Turret  
  68  5:22  SCV  
  68  5:23  Orbital Command  
  68  5:25  SCV  
  69  5:33  Stimpack  
  69  5:35  SCV  
  70  5:36  Marine x2  
  70  5:37  SCV, Marine x2  
  70  5:38  Starport Reactor  
  75  5:50  Barracks  
  75  5:51  SCV, Factory Reactor, Barracks  
  75  5:52  SCV  
  77  5:57  Orbital Command  
  77  6:03  SCV  
  77  6:04  SCV  
  79  6:05  Marauder x2, Marine x2  
  79  6:06  Combat Shield  
  79  6:07  Supply Depot x2  
  85  6:12  Supply Depot  
  85  6:16  SCV x2  
  85  6:17  Medivac x2  
  91  6:22  SCV  
  92  6:28  SCV  
  92  6:29  SCV  
  92  6:31  Marine x2  
  92  6:32  Marauder x2  
  100  6:35  SCV  
  100  6:37  Supply Depot  
  100  6:39  Supply Depot  
  101  6:41  Armory, Barracks Tech Lab  
  101  6:44  SCV  
  101  6:45  SCV  
  101  6:47  SCV  
  104  6:48  Refinery  
  104  6:49  Refinery  
  102  6:57  SCV x2  
  102  6:58  Marauder, Marine x4  
  102  6:59  SCV, Marauder  
  113  7:03  Medivac  
  113  7:04  Medivac  
  117  7:11  Factory Reactor  
  117  7:12  Marauder  
  117  7:14  SCV x3, Starport  
  117  7:15  Concussive Shells  
  121  7:26  SCV x2  
  121  7:27  SCV  
  121  7:29  Marine  
  125  7:34  Terran Infantry Weapons Level 2  
  125  7:39  Marine x3  
  125  7:40  Marauder x2  
  125  7:41  Supply Depot  
  125  7:42  Supply Depot, Terran Infantry Armor Level 2  
  132  7:45  Marauder  
  134  7:53  Viking x2  
  134  7:57  Terran Ship Weapons Level 1  
  138  8:03  Viking x2  
  138  8:05  Supply Depot x2  
  142  8:07  Marauder x2  
  142  8:09  Marauder  
  142  8:12  Marine x4  
  152  8:27  Viking x2  
  152  8:33  Viking x2  
  160  8:35  Marauder x3, Marine x4  
  169  8:41  Supply Depot  
  169  8:42  Supply Depot  
  169  8:49  Missile Turret  
  169  8:53  Missile Turret  
  169  8:56  Missile Turret  
  169  8:59  Marauder x2  
  169  9:00  Marauder  
  173  9:03  Marine x4  
  173  9:08  Medivac  
  173  9:09  Medivac x3  
  183  9:18  Command Center  
  183  9:22  Marauder x2  
  183  9:23  Marauder  
  189  9:33  Fusion Core  
  189  9:38  Barracks  
  189  9:39  Barracks  
  189  9:41  Barracks  
  189  9:42  Marine  
  189  10:03  Marine  
  189  10:06  Sensor Tower  
  189  10:12  Marine  
  189  10:13  Marine  
  189  10:14  Marine  
  189  10:29  SCV x3, Marine, Liberator  
  189  10:30  Marauder x2  
  200  10:56  Command Center  
  200  10:57  Barracks Reactor, Barracks Tech Lab x2  
  200  11:00  Terran Infantry Weapons Level 3, Terran Infantry Armor Level 3, Terran Ship Weapons Level 2  
  194  11:08  Marauder, Liberator  
  194  11:09  Liberator  
  194  11:10  Liberator  
  179  11:23  Command Center  
  179  11:24  SCV x3  
  182  11:25  Supply Depot  
  182  11:26  Supply Depot  
  182  11:32  Advanced Ballistics, Liberator  
  185  11:37  Missile Turret  
  159  11:52  Marauder x3, Marine x4  
  159  11:53  Marauder x2, Marine x2  
  125  12:16  Marauder x5, Marine x6  
  101  12:34  Marine x6  
  105  12:37  Marauder x4  
  105  12:38  Marauder  
  105  12:41  Planetary Fortress  
  111  12:48  Missile Turret  
  111  12:56  Liberator x2  
  111  12:57  Liberator x2  
  106  13:25  Orbital Command  
  102  13:39  Marauder x5  
  112  13:45  Marine  
Show
View Real Time Build Order
Export as new Build Order

Harstem Protoss - Winner!

Build Orders: 1 Gate Expand, Oracle Opening, Phoenix Opening, Colossus Rush 

Get SALT Encoding   

  12  0:00  Probe  
  13  0:13  Probe  
  14  0:18  Pylon  
  14  0:25  Probe  
  15  0:36  Gateway  
  15  0:37  Probe (Chrono Boost)  
  16  0:46  Probe (Chrono Boost), Assimilator  
  17  0:51  Probe (Chrono Boost)  
  18  1:03  Probe  
  19  1:15  Probe  
  20  1:23  Nexus  
  20  1:33  Cybernetics Core  
  20  1:36  Probe  
  21  1:42  Assimilator  
  21  1:48  Probe  
  21  1:52  Pylon  
  22  2:01  Probe  
  23  2:07  Adept (Chrono Boost)  
  23  2:13  Probe  
  26  2:16  Stargate  
  26  2:25  Probe (Chrono Boost)  
  26  2:27  Adept (Chrono Boost)  
  26  2:29  Warp Gate  
  27  2:36  Probe (Chrono Boost)  
  30  2:43  Probe (Chrono Boost)  
  32  2:45  Probe (Chrono Boost)  
  32  2:49  Probe (Chrono Boost)  
  32  2:50  Probe (Chrono Boost)  
  33  2:58  Oracle (Chrono Boost)  
  33  3:01  Probe  
  33  3:02  Probe  
  38  3:13  Probe, Pylon  
  38  3:14  Probe  
  40  3:25  Probe  
  40  3:26  Probe  
  42  3:29  Nexus  
  42  3:37  Probe  
  42  3:39  Robotics Facility  
  42  3:40  Probe  
  44  3:45  Pylon  
  44  3:49  Probe  
  44  3:52  Probe  
  44  3:54  Phoenix  
  48  4:02  Probe  
  49  4:04  Gateway x2  
  49  4:07  Probe  
  50  4:13  Assimilator  
  50  4:15  Assimilator  
  50  4:16  Probe  
  51  4:17  Phoenix (Chrono Boost)  
  51  4:19  Probe  
  54  4:25  Immortal (Chrono Boost)  
  58  4:32  Probe  
  58  4:35  Phoenix  
  58  4:37  Probe  
  62  4:41  Probe  
  63  4:46  Probe  
  63  4:51  Probe  
  65  4:53  Robotics Bay  
  65  4:56  Probe  
  65  4:57  Pylon  
  66  5:02  Observer (Chrono Boost)  
  66  5:06  Sentry, Zealot  
  71  5:07  Forge  
  71  5:11  Probe (Chrono Boost)  
  71  5:12  Probe (Chrono Boost), Pylon  
  71  5:14  Probe (Chrono Boost)  
  74  5:15  Phoenix  
  76  5:23  Probe (Chrono Boost)  
  76  5:24  Probe (Chrono Boost)  
  76  5:27  Probe (Chrono Boost)  
  79  5:28  Probe x2 (Chrono Boost)  
  79  5:32  Pylon  
  79  5:35  Probe  
  82  5:37  Probe, Colossus (Chrono Boost)  
  82  5:38  Probe  
  82  5:42  Protoss Ground Weapons Level 1  
  90  5:47  Probe, Pylon  
  90  5:49  Probe  
  92  5:53  Probe  
  92  5:54  Pylon  
  92  5:56  Assimilator  
  93  5:58  Extended Thermal Lance  
  93  5:59  Probe  
  93  6:01  Assimilator  
  93  6:02  Probe  
  95  6:06  Stalker  
  95  6:07  Pylon  
  98  6:11  Probe  
  98  6:13  Gateway  
  98  6:14  Gateway  
  98  6:20  Colossus (Chrono Boost)  
  98  6:25  Probe  
  105  6:27  Probe  
  105  6:28  Probe  
  107  6:37  Probe  
  107  6:39  Forge  
  108  6:40  Twilight Council  
  108  6:42  Pylon  
  108  6:44  Shield Battery  
  108  6:47  Pylon  
  108  6:52  Gateway  
  109  6:56  Zealot x2  
  109  6:59  Pylon, Colossus (Chrono Boost)  
  118  7:04  Pylon, Photon Cannon  
  118  7:12  Protoss Ground Armor Level 1 (Chrono Boost)  
  118  7:14  Charge (Chrono Boost)  
  118  7:17  Gateway  
  118  7:21  Gateway  
  118  7:27  Zealot x4  
  118  7:28  Zealot  
  128  7:36  Templar Archives  
  128  7:44  Nexus  
  128  7:47  Disruptor (Chrono Boost)  
  131  7:52  Probe  
  131  7:54  Robotics Facility  
  131  7:57  Probe  
  133  8:00  Probe  
  133  8:04  Probe  
  133  8:05  Protoss Ground Weapons Level 2 (Chrono Boost)  
  135  8:06  Pylon  
  135  8:09  Gateway  
  135  8:10  Probe  
  135  8:11  Gateway  
  135  8:12  Pylon  
  136  8:15  High Templar x3  
  136  8:16  Zealot x2, High Templar  
  136  8:19  Probe, Pylon  
  149  8:22  Dark Shrine, Observer  
  149  8:24  Pylon, Archon x2  
  149  8:25  Warp Prism (Chrono Boost)  
  148  8:33  Photon Cannon  
  150  8:37  Assimilator  
  150  8:41  Zealot, Assimilator  
  150  8:45  Zealot x3  
  150  8:47  High Templar x2  
  162  8:50  Disruptor (Chrono Boost)  
  162  8:51  Archon  
  165  8:57  Probe  
  166  9:05  Zealot  
  162  9:10  Disruptor (Chrono Boost)  
  162  9:11  Probe  
  162  9:14  Probe  
  162  9:16  Probe x2  
  169  9:22  Disruptor (Chrono Boost)  
  169  9:24  Zealot  
  169  9:25  Zealot x7  
  169  9:26  High Templar x2  
  192  9:32  Archon  
  192  9:41  Disruptor  
  195  9:55  Zealot x2  
  195  9:57  Protoss Ground Armor Level 2 (Chrono Boost)  
  193  10:23  Dark Templar  
  193  10:24  Zealot x2  
  189  10:37  Dark Templar x2  
  189  10:38  Zealot x2, Dark Templar  
  199  10:49  Zealot x3, Dark Templar  
  197  11:00  Blink  
  197  11:02  Disruptor  
  174  11:14  Stalker x7  
  174  11:15  Stalker x2  
  192  11:24  Protoss Ground Weapons Level 3 (Chrono Boost)  
  192  11:28  Gateway  
  192  11:30  Gateway  
  192  11:32  Gateway  
  192  11:33  Gateway, Dark Templar  
  192  11:35  Gateway  
  192  11:39  Gateway  
  185  11:43  Gateway  
  181  11:49  Dark Templar  
  181  11:50  Stalker x8  
  181  11:54  Disruptor  
  179  12:17  Zealot x9  
  179  12:21  Disruptor  
  179  12:22  Protoss Shields Level 1 (Chrono Boost)  
  183  12:29  Disruptor, Dark Templar x3  
  178  12:30  Zealot x2  
  175  12:45  Zealot  
  175  12:46  Zealot x8  
  192  12:53  Probe  
  192  12:54  Probe  
  192  12:57  High Templar x2  
  198  12:59  Nexus  
  198  13:02  Archon  
  194  13:07  Archon, High Templar  
  194  13:08  Sentry x2  
  198  13:14  Archon  
  172  13:25  Probe x2, Disruptor x2 (Chrono Boost)  
  172  13:26  Probe  
  171  13:30  Stalker x3  
  171  13:31  Stalker, Zealot x2  
  180  13:50  Stalker x7  
  194  14:00  Dark Templar  
  181  14:11  Probe, Zealot x2  
  181  14:12  Zealot x5  
  184  14:17  Pylon  

Tags
 
Add a new tag
Caveats
  • Supply blocks, unpowered buildings, or Contaminate may cause inaccurate times.
  • Supply counts are checked every 10 seconds.